 Dungeon Crawl Stone Soup version 0.25.1-2-g60ff931df9 (webtiles) character file.

Game seed: 16517979865976703762

180 HawFromDerth the Cudgeler (level 5, -3/41 HPs)
             Began as a Human Fighter on Sept 20, 2020.
             Slain by Pikel
             ... wielding a +2 whip of flaming
              (4 damage)
             ... on level 4 of the Dungeon.
             The game lasted 00:04:01 (1760 turns).

HawFromDerth the Cudgeler (Human Fighter)           Turns: 1760, Time: 00:04:02

Health: -3/41      AC:  6    Str: 17    XL:     5   Next: 91%
Magic:  5/5        EV:  7    Int:  8    God:
Gold:   40         SH: 10    Dex: 13    Spells: 4/4 levels left

rFire    . . .     SeeInvis +   a - +1 flail
rCold    . . .     Gourm    .   c - +1 kite shield
rNeg     . . .     Faith    .   b - +0 scale mail
rPois    .         Spirit   .   (no helmet)
rElec    .         Reflect  .   (no cloak)
rCorr    .         Harm     .   (no gloves)
MR       .....                  (no boots)
Stlth    ..........             (no amulet)
HPRegen  0.13/turn              j - ring of see invisible
MPRegen  0.09/turn              (no ring)

@: mighty, lethally poisoned (-3 -> -12)
A: no striking features
a: no special abilities


You were on level 4 of the Dungeon.
You were not hungry.

You visited 1 branch of the dungeon, and saw 3 of its levels.

You collected 40 gold pieces.

Inventory:

Hand Weapons
 a - a +1 flail (weapon)
Missiles
 o - 6 boomerangs (quivered)
Armour
 b - a +0 scale mail (worn)
 c - a +1 kite shield (worn)
Jewellery
 j - a ring of see invisible (left hand)
 l - a +4 ring of evasion {unknown}
 n - an uncursed ring of poison resistance {unknown}
Scrolls
 i - a scroll of identify
 k - 2 scrolls of teleportation
 m - 2 scrolls of remove curse
 p - a scroll of amnesia {unknown}
Potions
 d - a potion of might
 e - a potion of lignification
 h - a potion of magic
Comestibles
 f - 3 rations


   Skills:
 + Level 3.4 Fighting
 * Level 4.2 Maces & Flails
 + Level 3.4 Armour
 + Level 1.2 Dodging
 + Level 3.6 Shields


You had 4 spell levels left.
You didn't know any spells.
Your spell library contained the following spells:

 Spells                   Type           Power        Failure   Level  Hunger
 Confusing Touch          Hex            #.......     100%        3    ####...
 Gell's Gravitas          Tloc           #.........   100%        3    ####...
 Petrify                  Tmut/Erth      #.......     100%        4    #####..
 Metabolic Englaciation   Hex/Ice        #.........   100%        5    ######.
 Yara's Violent Unravell  Hex/Tmut       #.........   100%        5    ######.


Dungeon Overview and Level Annotations

Branches:
Dungeon (2/15)

Altars:

Annotations:
D:4 Pikel


Message History

You barely miss Pikel.
Pikel hits you with a +2 whip of flaming.
Pikel burns you. You block the slave's attack.
You hit Pikel.
Pikel is lightly wounded.
The slave barely misses you. You block Pikel's attack.
The scorpion closely misses you. The scorpion stings you.
* * * LOW HITPOINT WARNING * * *
You are poisoned.
The scorpion poisons you! You block Pikel's attack. The slave hits you.
* * * LOW HITPOINT WARNING * * *
You feel very mighty all of a sudden.
* * * LOW HITPOINT WARNING * * *
You feel sick. The slave hits you.
* * * LOW HITPOINT WARNING * * *
The slave hits you!
* * * LOW HITPOINT WARNING * * *
The slave hits you but does no damage.
Pikel hits you with a +2 whip of flaming.
You die...

..#...... .# .........##.#
. #........# #.#.)?....
#.#.....# #......#
###p##.###.#
#.###spK.....#
#....p@p<##### ########.#
##.########
#######.........#######
....>#..##...........#
#..#...#.##..###.#.#
##.......##..###.#.#
#..#...#.##....#.#.#
.......#.##.##.##.##.#.#.#


You could see Pikel, 4 slaves and a scorpion.

Vanquished Creatures
  An ogre (D:4)
  3 adders (D:2)
  2 oozes (D:2)
  A worm (D:2)
  4 dart slugs (D:1)
  A ball python (D:1)
  3 giant cockroaches (D:1)
  9 goblins
  4 hobgoblins
  2 jackals (D:2)
  A quokka (D:2)
  3 bats (D:1)
  4 frilled lizards
  5 kobolds
  10 rats
53 creatures vanquished.

Notes
Turn   | Place    | Note
-------+----------+-------------------------------------------
     0 | D:1      | HawFromDerth the Human Fighter began the quest for the Orb.
     0 | D:1      | Reached XP level 1. HP: 18/18 MP: 1/1
   219 | D:1      | Reached XP level 2. HP: 22/24 MP: 2/2
   472 | D:1      | Reached XP level 3. HP: 29/29 MP: 3/3
   839 | D:1      | Reached skill level 3 in Maces & Flails
  1195 | D:2      | Reached XP level 4. HP: 35/35 MP: 4/4
  1588 | D:2      | Reached skill level 1 in Dodging
  1604 | D:2      | You fall into a shaft and drop 2 floors!
  1745 | D:4      | Noticed an ogre
  1746 | D:4      | Noticed a slave
  1748 | D:4      | Noticed Pikel
  1748 | D:4      | Noticed a slave
  1755 | D:4      | Noticed a slave
  1755 | D:4      | Noticed a slave
  1756 | D:4      | Killed an ogre
  1756 | D:4      | Reached skill level 4 in Maces & Flails
  1756 | D:4      | Reached XP level 5. HP: 17/41 MP: 5/5
  1760 | D:4      | HP: 1/41 [slave[Pikel] (8)]
  1760 | D:4      | Slain by Pikel

Illustrated notes

Levels and vault maps discovered:
D:1:      shiori_arrival_elements, layout_loops_ring, hangedman_feature_mirror,
          minmay_misc_feat_more_columns, minmay_misc_feat_diagonals
D:2:      layout_rooms, first_ration, minmay_misc_feat_encased
D:4:      layout_loops_corners, lemuel_coloured_pillars_altar, enter_ossuary_3,
          uniq_sigmund, uniq_blork_the_orc, uniq_pikel

Skill      XL: |  1  2  3  4 |
---------------+-------------+-----
Maces & Flails | 3 4 |  4.2
Dodging        | 1 |  1.2
Fighting       | |  3.4
Armour         | |  3.4
Shields        | |  3.6

Action                   |  1- 3 |  4- 6 || total
-------------------------+-------+-------++-------
Melee: Flail             |   110 |    67 ||   177
  Use: Scroll            |     5 |     2 ||     7
       Potion            |       |     2 ||     2
  Eat: Chunk             |     1 |       ||     1
       Ration            |       |     1 ||     1
Armor: Scale mail        |    78 |    29 ||   107
Dodge: Dodged            |    32 |    34 ||    66
Block: Kite shield       |    73 |    44 ||   117
